Map: Orbital Shipyard

Players

KarmaDealer

  • Race: Terran Terran

Grumm - Winner!

  • Race: Zerg Zerg
  • League: Gold

VOD

Have the link to the VOD?

Description

Time

  • Played on: Jan. 15, 2016, 3:49 p.m.
  • Length: 30:31
Show
View Real Time Build Order
Export as new Build Order

KarmaDealer Terran 

Build Orders: Liberator Opening 

Get SALT Encoding   

  12  0:01  SCV  
  13  0:13  SCV  
  14  0:18  Supply Depot  
  14  0:25  SCV  
  15  0:29  Refinery  
  15  0:41  Barracks  
  15  0:51  SCV  
  16  1:01  Supply Depot  
  16  1:03  SCV  
  17  1:15  SCV  
  17  1:17  Refinery  
  18  1:28  Orbital Command  
  18  1:30  Marine  
  19  1:48  Factory  
  19  1:49  Barracks Reactor  
  19  1:58  SCV  
  20  2:10  Supply Depot  
  20  2:11  SCV  
  21  2:28  SCV  
  22  2:37  Starport  
  22  2:39  Barracks Reactor  
  22  2:40  SCV  
  23  2:44  Armory  
  23  2:57  Hellion x2  
  27  3:00  SCV  
  28  3:07  Supply Depot  
  28  3:15  Liberator x2  
  34  3:43  Hellion  
  34  3:44  Hellion  
  38  4:14  Hellion x2  
  38  4:17  Marine  
  42  4:22  Command Center  
  42  4:24  SCV  
  44  4:36  SCV  
  45  4:51  Hellion  
  47  4:58  Supply Depot  
  47  5:01  Supply Depot  
  47  5:02  Liberator x2  
  47  5:20  Hellion  
  55  5:38  Orbital Command  
  55  5:46  Liberator x2  
  55  5:58  SCV  
  55  6:00  Marine  
  63  6:10  SCV  
  64  6:18  Marine  
  65  6:31  Liberator x2  
  71  6:57  Hellion x2  
  75  7:11  Marine  
  74  7:29  Marine  
  42  8:29  Hellbat x2  
  42  8:32  SCV x2  
  48  8:44  SCV x2  
  48  8:45  Factory x2, Supply Depot x2  
  48  8:48  Command Center, Supply Depot  
  50  8:50  Supply Depot x2  
  50  9:03  SCV x2  
  52  9:10  Terran Vehicle And Ship Armor Level 1  
  52  9:15  SCV x2  
  52  9:17  Armory  
  54  9:23  Refinery  
  54  9:27  SCV  
  55  9:31  SCV  
  55  9:34  Refinery  
  56  9:42  SCV  
  56  9:43  Factory Tech Lab  
  56  9:44  SCV, Factory Tech Lab  
  58  9:54  SCV  
  59  10:00  Refinery  
  59  10:01  Barracks Tech Lab  
  59  10:05  Refinery  
  59  10:06  Barracks  
  59  10:07  Terran Vehicle Weapons Level 1  
  59  10:08  SCV x2  
  59  10:09  Orbital Command  
  61  10:28  Engineering Bay, SCV x2  
  63  10:33  Marine  
  64  10:36  Hellbat x2  
  64  10:38  Thor x2  
  64  10:40  SCV x2  
  64  10:42  Medivac x2  
  84  10:44  SCV  
  87  10:50  Marine  
  87  10:52  SCV x2  
  87  10:56  SCV  
  91  10:57  Hellbat  
  91  10:58  Engineering Bay, Hellbat  
  95  11:04  SCV x2  
  95  11:08  Missile Turret, Marine, SCV  
  99  11:13  Barracks Reactor  
  99  11:15  Combat Shields  
  99  11:16  SCV  
  100  11:19  Hellbat x2  
  104  11:26  Marine  
  104  11:27  SCV x2  
  104  11:28  SCV  
  104  11:30  Missile Turret  
  108  11:39  SCV x2  
  110  11:44  Marine  
  111  11:50  Marine x2  
  111  11:53  Missile Turret  
  115  11:54  Hellbat x2  
  117  12:02  Marine  
  117  12:03  Terran Infantry Weapons Level 1  
  117  12:06  Sensor Tower  
  117  12:07  SCV x3  
  117  12:08  Marine x2  
  123  12:19  Marine, SCV x2, Thor x2  
  138  12:22  Terran Vehicle And Ship Armor Level 2  
  138  12:26  Marine x2  
  138  12:27  SCV  
  141  12:41  Supply Depot x2  
  141  12:43  Supply Depot  
  141  12:45  Terran Vehicle Weapons Level 2  
  141  12:51  Supply Depot  
  141  12:53  Liberator  
  141  13:02  Marine x3, SCV x2, Hellbat  
  141  13:03  Hellbat  
  150  13:05  Thor  
  150  13:06  Thor  
  165  13:20  Missile Turret, Marine  
  166  13:32  Command Center  
  166  13:35  SCV x3  
  166  13:37  Marine  
  166  13:38  Marine x2  
  172  13:47  SCV x2  
  174  13:55  Marine x3  
  161  14:13  Marine x2  
Show
View Real Time Build Order
Export as new Build Order

Grumm Zerg - Winner!

Build Orders: Hatch First, Lurkers 

Get SALT Encoding   

  12  0:02  Drone  
  13  0:11  Drone  
  14  0:17  Overlord  
  14  0:21  Extractor  
  13  0:23  Drone  
  15  0:36  Drone x2  
  17  0:53  Hatchery  
  17  0:56  Drone  
  17  1:11  Spawning Pool  
  17  1:13  Drone  
  17  1:16  Drone  
  18  1:28  Drone, Extractor  
  18  1:35  Drone  
  19  1:45  Drone  
  20  1:54  Drone  
  21  1:55  Extractor  
  21  1:58  Queen  
  22  2:02  Overlord  
  22  2:13  Drone x2  
  24  2:33  Queen  
  24  2:34  Roach Warren  
  25  2:40  Zergling x4  
  25  2:43  Drone x2  
  25  2:44  Drone x2  
  31  3:16  Roach x2  
  31  3:17  Overlord x2  
  35  3:25  Drone  
  35  3:26  Overlord x2  
  35  3:51  Spine Crawler  
  35  3:54  Spine Crawler  
  33  3:59  Spine Crawler  
  32  4:10  Zergling x2  
  32  4:11  Roach x3  
  39  4:20  Lair  
  39  4:22  Drone x5  
  44  4:26  Spore Crawler  
  43  4:58  Roach  
  43  4:59  Roach x5  
  54  5:32  Queen x2  
  58  5:39  Spore Crawler  
  57  5:43  Hydralisk Den  
  57  5:45  Drone x6  
  62  5:50  Spore Crawler  
  61  6:06  Metabolic Boost  
  61  6:07  Glial Reconstitution  
  61  6:08  Overlord x2  
  61  6:19  Muscular Augments  
  61  6:26  Evolution Chamber  
  61  6:31  Hydralisk x6  
  72  6:49  Spore Crawler  
  71  7:19  Spore Crawler  
  35  7:40  Hydralisk  
  35  7:41  Hydralisk x9  
  45  8:27  Lurker Den  
  45  8:29  Drone  
  45  8:30  Drone x8  
  45  8:31  Queen  
  45  8:32  Queen  
  58  8:52  Roach  
  58  8:53  Roach x3  
  66  9:02  Hatchery  
  65  9:18  Hatchery  
  64  9:38  Zerg Missile Weapons Level 1  
  64  9:41  Roach x2  
  68  9:50  Extractor  
  67  9:53  Drone, Extractor  
  67  9:54  Drone  
  67  9:55  Overlord x3  
  67  9:56  Overlord  
  68  10:06  Pneumatized Carapace  
  68  10:14  Lurker  
  69  10:15  Lurker  
  69  10:16  Lurker  
  69  10:19  Zergling x2  
  69  10:20  Zergling x12  
  78  10:36  Drone x4  
  82  11:01  Overseer  
  82  11:03  Hydralisk  
  84  11:04  Hydralisk x4  
  84  11:08  Extractor  
  84  11:09  Extractor  
  90  11:16  Queen  
  92  11:29  Evolution Chamber  
  92  11:31  Evolution Chamber  
  90  11:37  Queen  
  90  11:39  Roach  
  100  11:40  Roach x6  
  100  11:41  Roach  
  108  12:06  Hydralisk  
  108  12:07  Hydralisk  
  112  12:26  Overlord x2  
  112  12:27  Overlord x2  
  112  12:32  Burrow  
  112  12:38  Spore Crawler  
  112  12:42  Lurker  
  112  12:46  Lurker  
  113  12:52  Drone x2  
  113  12:53  Drone x13  
  128  13:01  Zergling x2  
  128  13:02  Zergling x16  
  137  13:13  Zerg Melee Weapons Level 1, Zerg Missile Weapons Level 2  
  137  13:14  Zerg Ground Armor Level 1  
  137  13:34  Spire  
  135  13:47  Roach x4  
  143  14:05  Hatchery  
  83  14:25  Hydralisk  
  83  14:26  Hydralisk x17  
  103  14:43  Roach  
  103  14:44  Roach x6  
  103  16:23  Lurker  
  103  16:24  Lurker x11  
  103  16:32  Zergling x8  
  103  16:33  Zergling x28  
  103  17:55  Overlord  
  103  17:56  Overlord x5  
  103  18:25  Overlord x2  
  103  18:56  Extractor  
  103  18:59  Extractor  
  103  19:10  Zergling x2  
  103  19:11  Zergling x42  
  103  19:12  Zergling x30  
  103  21:02  Hatchery  
  103  21:42  Zergling x2  
  103  21:43  Zergling x38  
  103  21:44  Zergling x24  
  103  24:21  Zerg Melee Weapons Level 2  
  103  24:22  Zerg Ground Armor Level 2  
  103  24:29  Infestation Pit  
  103  24:51  Extractor  
  103  24:54  Extractor  
  103  29:38  Hatchery  
  103  29:43  Extractor  
  103  30:11  Extractor  
Tags
 
Add a new tag
Caveats
  • Supply blocks, unpowered buildings, or Contaminate may cause inaccurate times.
  • Supply counts are checked every 10 seconds.